 Dungeon Crawl Stone Soup version 0.23.2-1-ga50397a (webtiles) character file.

Game seed: 1035412052831443867

1680 troglodite the Covert (level 9, -1/59 HPs)
             Began as an Octopode Assassin on May 13, 2019.
             Shot with a stone by a goblin (7 damage)
             ... on level 6 of the Dungeon.
             The game lasted 00:17:56 (6245 turns).

troglodite the Covert (Octopode Assassin)           Turns: 6245, Time: 00:17:58

Health: -1/59      AC:  1    Str: 10    XL:     9   Next: 2%
Magic:  10/10      EV: 15    Int: 13    God:
Gold:   214        SH:  0    Dex: 17    Spells: 9/10 levels left

rFire    . . .     SeeInvis .   s - +2 rapier (freeze)
rCold    + . .     Gourm    .   (no shield)
rNeg     . . .     Faith    .   (helmet restricted)
rPois    .         Spirit   .   (no amulet)
rElec    .         Reflect  .   n - ring of protection from cold
rCorr    .         Harm     .   (no ring)
MR       .....                  (no ring)
Stlth    ++++++....             (no ring)
HPRegen  0.19/turn              (no ring)
MPRegen  0.12/turn              (no ring)
                                (no ring)
                                (no ring)

@: no status effects
A: almost no armour, stealthy swim, amphibious, 8 rings, constrict 8, camouflage
1, gelatinous body 1
a: no special abilities


You were on level 6 of the Dungeon.
You were not hungry.

You visited 1 branch of the dungeon, and saw 6 of its levels.

You collected 214 gold pieces.

Inventory:

Hand Weapons
 a - a +2 dagger
 b - a +0 blowgun
 s - a +2 rapier of freezing (weapon)
 t - a +4 hunting sling
Missiles
 c - 8 poisoned needles
 d - 4 curare-tipped needles
 v - 91 stones (quivered)
Jewellery
 n - a ring of protection from cold (left tentacle)
Scrolls
 e - a scroll of random uselessness {unknown}
 h - 3 scrolls of magic mapping
 i - a scroll of teleportation
 m - 4 scrolls of remove curse
 o - 4 scrolls of identify
 p - 3 scrolls of enchant armour
 q - a scroll of blinking {unknown}
 r - a scroll of fear {unknown}
 u - a scroll of amnesia {unknown}
Potions
 g - 8 potions of curing
 j - 3 potions of agility
 k - 2 potions of flight {unknown}
 l - a potion of lignification
 x - a potion of degeneration {unknown}
 z - a potion of haste {unknown}
Comestibles
 f - 13 rations
 w - a chunk of flesh


   Skills:
 * Level 4.6 Fighting
 + Level 5.2 Short Blades
 * Level 2.5(2.9) Slings
 + Level 2.0(2.6) Throwing
 * Level 3.8 Dodging
 * Level 11.1 Stealth
 * Level 1.3 Spellcasting
 * Level 1.2 Conjurations
 * Level 1.3 Fire Magic


You had 9 spell levels left.
You knew the following spells:

 Your Spells              Type           Power        Failure   Level  Hunger
a - Flame Tongue          Conj/Fire      #....        16%         1    ##.....

Your spell library contained the following spells:

 Spells                   Type           Power        Failure   Level  Hunger
 Cause Fear               Hex            #.........   95%         4    #####..
 Bolt of Fire             Conj/Fire      #.........   100%        6    #######
 Dragon Form              Tmut           #.........   100%        7    #######
 Dragon's Call            Summ           #.........   100%        9    #######


Dungeon Overview and Level Annotations

Branches:
Dungeon (6/15)             Temple (0/1) D:6

Altars:

Annotations:
D:5 2 runed translucent doors, dragonscale333's ghost, amateur TrFi


Innate Abilities, Weirdness & Mutations

You cannot wear most types of armour.
You are very stealthy in the water. (Stealth+)
You are amphibious.
You can wear up to eight rings at the same time.
You can use your tentacles to constrict eight enemies at once.
Your skin changes colour to match your surroundings (Stealth+).
Your rubbery body absorbs attacks. (AC +1, EV +1)


Message History

The goblin shoots a stone.
The stone completely misses you.
The goblin shoots a stone.
The stone misses you.
The goblin shoots a stone.
The stone barely misses you.
The goblin shoots a stone.
The stone misses you.
The goblin shoots a stone.
The stone completely misses you.
The goblin shoots a stone.
The stone barely misses you.
The goblin shoots a stone.
The stone hits you!
* * * LOW HITPOINT WARNING * * *
You see here a stone.
The goblin shoots a stone.
The stone barely misses you.
The goblin shoots a stone.
The stone hits you.
* * * LOW HITPOINT WARNING * * *
You see here a stone.
The goblin shoots a stone.
The stone hits you.
* * * LOW HITPOINT WARNING * * *
The goblin shoots a stone.
The stone barely misses you.
The goblin shoots a stone.
The stone closely misses you.
You see here a stone.
The goblin shoots a stone.
The stone hits you!
You die...

...#. #.# #######.###.##
#.#.## ####.## ######.(g#
.# #.....##..?.<#
#?..###..# # #......(g....#
#.⌠.# #.<#
#......#.....###...###..#
#......#.(gg............#
#.>....#......⌠..>..⌠...#
#.....#.#................#
#.....#...((O@###...###...#
#...?..((((#(.# #.⌠.# #..##
#.....######### #...# #...#
#..... ...### ...#.# #####
.#### ..##.# ##


You could see an ogre and 3 goblins.

Vanquished Creatures
  Sigmund (D:4)
  A yak (D:4)
  Menkaure (D:4)
  An ice beast (D:5)
  4 ogres
  A big kobold (D:5)
  A water moccasin zombie (D:5)
  A scorpion (D:4)
  A howler monkey (D:3)
  A crimson imp (D:5)
  3 hounds
  2 bullfrog skeletons
  Jessica (D:2)
  An orc wizard (D:4)
  4 worker ants
  Terence (D:2)
  A hound skeleton (D:2)
  A howler monkey skeleton (D:4)
  11 adders
  3 gnolls (D:2)
  An ooze (D:3)
  2 worms (D:2)
  A dart slug (D:3)
  4 leopard geckos
  8 orcs
  3 giant cockroaches
  7 goblins
  8 hobgoblins
  11 jackals
  2 quokkas (D:3)
  3 ball pythons
  8 bats
  4 frilled lizards
  12 kobolds
  A leopard gecko skeleton (D:4)
  4 rats
  2 bushes (D:5)
  A plant (D:5)
123 creatures vanquished.

Notes
Turn   | Place    | Note
-------+----------+-------------------------------------------
     0 | D:1      | troglodite the Octopode Assassin began the quest for the
                  | Orb.
     0 | D:1      | Reached XP level 1. HP: 14/14 MP: 1/1
   344 | D:1      | Reached XP level 2. HP: 18/19 MP: 2/2
   888 | D:1      | Reached skill level 6 in Stealth
  1264 | D:2      | Reached XP level 3. HP: 24/24 MP: 3/3
  1282 | D:2      | Noticed Jessica
  1295 | D:2      | Killed Jessica
  1331 | D:2      | Noticed Terence
  1336 | D:2      | Killed Terence
  1336 | D:2      | Reached skill level 7 in Stealth
  1336 | D:2      | Reached XP level 4. HP: 26/29 MP: 4/4
  1437 | D:2      | Noticed an ogre
  1445 | D:2      | Killed an ogre
  1445 | D:2      | Reached skill level 8 in Stealth
  1445 | D:2      | Reached XP level 5. HP: 31/35 MP: 5/5
  1547 | D:2      | You fall through a shaft!
  1924 | D:3      | Reached XP level 6. HP: 27/41 MP: 6/6
  3186 | D:4      | Reached skill level 9 in Stealth
  3191 | D:4      | Noticed Menkaure
  3203 | D:4      | Killed Menkaure
  3203 | D:4      | Reached XP level 7. HP: 24/46 MP: 7/7
  3465 | D:4      | Noticed Sigmund
  3794 | D:4      | Found a large runed translucent door.
  3794 | D:4      | Found a large runed translucent door.
  3819 | D:4      | Reached skill level 10 in Stealth
  4418 | D:4      | Found a large runed translucent door.
  4418 | D:4      | Found a large runed translucent door.
  4477 | D:4      | Noticed a yak
  4698 | D:4      | Killed Sigmund
  4698 | D:4      | Reached skill level 1 in Slings
  4698 | D:4      | Reached XP level 8. HP: 50/54 MP: 8/8
  4778 | D:4      | Killed a yak
  5079 | D:5      | Entered Level 5 of the Dungeon
  5135 | D:5      | Learned a level 1 spell: Flame Tongue
  5433 | D:5      | Found a large runed translucent door.
  5433 | D:5      | Found a large runed translucent door.
  5433 | D:5      | Noticed dragonscale333's ghost (amateur TrFi)
  5546 | D:5      | Reached skill level 5 in Short Blades
  5546 | D:5      | Reached skill level 1 in Spellcasting
  5587 | D:5      | Reached skill level 11 in Stealth
  5587 | D:5      | Reached skill level 1 in Conjurations
  5587 | D:5      | Reached skill level 1 in Fire Magic
  6139 | D:5      | Reached XP level 9. HP: 59/59 MP: 10/10
  6220 | D:6      | Found a staircase to the Ecumenical Temple.
  6245 | D:6      | Shot with a stone by a goblin

Skill      XL: |  1  2  3  4  5  6  7  8 |
---------------+-------------------------+-----
Stealth        | 6 7 8 9 10 11 | 11.1
Short Blades   | 3 4 5 |  5.2
Dodging        | 2 3 |  3.8
Fighting       | 3 4 |  4.6
Slings         | 1 2 |  2.5
Spellcasting   | 1 |  1.3
Conjurations   | 1 |  1.2
Fire Magic     | 1 |  1.3
Throwing       | |  2.0

Action                   |  1- 3 |  4- 6 |  7- 9 || total
-------------------------+-------+-------+-------++-------
Melee: Dagger            |    40 |   100 |       ||   140
       Constrict         |     4 |    18 |    23 ||    45
       Tentacles         |     4 |    18 |    48 ||    70
       Rapier            |       |       |   256 ||   256
  Use: Scroll            |       |       |     8 ||     8
 Stab: Sleeping          |    10 |    19 |    13 ||    42
       Distracted        |       |       |     1 ||     1
  Eat: Chunk             |     1 |     5 |     4 ||    10
       Ration            |       |       |     2 ||     2
Armor: Skin              |     3 |       |     4 ||     7
Dodge: Dodged            |    18 |    51 |   116 ||   185
